 Dungeon Crawl Stone Soup version 0.24-a0-443-g80245de385 (console) character file.

Game seed: 16496714319252869222

7 Lexodia the Grasshopper (level 2, -1/26 HPs)
             Began as a Gnoll Warper on June 21, 2019.
             Slain by a kobold
             ... wielding a +2 dagger of holy wrath
              (2 damage)
             ... on level 1 of the Dungeon.
             The game lasted 00:00:47 (62 turns).

Lexodia the Grasshopper (Gnoll Warper)                Turns: 62, Time: 00:00:48

Health: -1/26      AC:  3    Str: 13    XL:     2   Next: 4%
Magic:  7/7        EV: 14    Int: 15    God:
Gold:   0          SH:  0    Dex: 14    Spells: 10/10 levels left

rFire    . . .     SeeInvis .   a - +0 mace
rCold    . . .     Gourm    .   (no shield)
rNeg     . . .     Faith    .   b - +0 leather armour
rPois    .         Spirit   .   (no helmet)
rElec    .         Reflect  .   (no cloak)
rCorr    .         Harm     .   (no gloves)
MR       .....                  (no boots)
Stlth    +.........             (no amulet)
HPRegen  0.08/turn              (no ring)
MPRegen  0.10/turn              (no ring)

@: no status effects
A: distributed training, fangs 1, strong nose
a: no special abilities


You were on level 1 of the Dungeon.
You were not hungry.

You visited 1 branch of the dungeon, and saw 1 of its levels.

Inventory:

Hand Weapons
 a - a +0 mace (weapon)
Missiles
 e - 5 boomerangs of dispersal (quivered)
Armour
 b - a +0 leather armour (worn)
Scrolls
 d - a scroll of blinking
Comestibles
 f - a ration


   Skills:
 + Level 4.4 Fighting
 + Level 0.2 Short Blades
 + Level 0.2 Long Blades
 + Level 0.2 Axes
 + Level 4.4 Maces & Flails
 + Level 0.2 Polearms
 + Level 0.2 Staves
 + Level 0.2 Slings
 + Level 0.2 Bows
 + Level 0.2 Crossbows
 + Level 2.4 Throwing
 + Level 2.4 Armour
 + Level 4.4 Dodging
 + Level 0.2 Stealth
 + Level 0.2 Shields
 + Level 0.2 Unarmed Combat
 + Level 4.9 Spellcasting
 + Level 0.1 Conjurations
 + Level 0.1 Hexes
 + Level 0.1 Charms
 + Level 0.1 Summonings
 + Level 0.1 Necromancy
 + Level 5.3 Translocations
 + Level 0.1 Transmutations
 + Level 0.1 Fire Magic
 + Level 0.1 Ice Magic
 + Level 0.1 Air Magic
 + Level 0.1 Earth Magic
 + Level 0.1 Poison Magic
 + Level 0.3 Invocations
 + Level 0.2 Evocations


You had 10 spell levels left.
You didn't know any spells.
Your spell library contained the following spells:

 Spells                   Type           Power        Failure   Level  Hunger
 Blink                    Tloc           N/A          3%          2    ##.....
 Gell's Gravitas          Tloc           ###.......   7%          3    ###....
 Lesser Beckoning         Tloc           ###.......   7%          3    ###....
 Teleport Other           Tloc           ###.....     7%          3    ###....
 Shroud of Golubria       Chrm/Tloc      ##....       11%         2    ##.....
 Passage of Golubria      Tloc           N/A          22%         4    ####...


Dungeon Overview and Level Annotations

Branches:
Dungeon (1/15)

Altars:


Innate Abilities, Weirdness & Mutations

Your experience applies equally to all skills.
You have very sharp teeth.
Your uncanny sense of smell can sniff out nearby items.


Message History

The kobold is severely wounded.
The kobold hits you with a +2 dagger of holy wrath.
The frilled lizard bites you.
* * * LOW HITPOINT WARNING * * *
Huge Dmg: -27%(-7hp) hp: 20%(5hp)
You barely miss the kobold.
The kobold is severely wounded.
The kobold hits you with a +2 dagger of holy wrath.
* * * LOW HITPOINT WARNING * * *
The frilled lizard bites you.
* * * LOW HITPOINT WARNING * * *
Huge Dmg: -16%(-4hp) hp: 4%(1hp)
Your leather armour prevents you from hitting the kobold.
The kobold is severely wounded.
The kobold completely misses you. The kobold hits you but does no damage.
You barely miss the kobold. Your bite misses the kobold.
The kobold is severely wounded.
The frilled lizard misses you.
The kobold hits you with a +2 dagger of holy wrath.
You die...

# ######## ..
......# .#.###....#
## .......>..# ...
.........$# ..#
..........#######..#
.......)..K@.......#
......##..l.....##.
..... #.........#
.... #.........# ...
#######.#.# .. #.#.#
. #####.#.#
#...#.#.# #'#.†.#.#


You could see a kobold and a frilled lizard.

Vanquished Creatures
  A leopard gecko (D:1)
  A ball python (D:1)
  2 jackals (D:1)
  A kobold (D:1)
5 creatures vanquished.

Notes
Turn   | Place    | Note
-------+----------+-------------------------------------------
     0 | D:1      | Lexodia the Gnoll Warper began the quest for the Orb.
     0 | D:1      | Reached XP level 1. HP: 20/20 MP: 6/6
    50 | D:1      | Huge Dmg: 4 dmg
    50 | D:1      | Reached XP level 2. HP: 18/26 MP: 7/7
    56 | D:1      | Huge Dmg: 7 dmg
    56 | D:1      | HP: 1/26 [frilled lizard (1)]
    57 | D:1      | Huge Dmg: 4 dmg
    62 | D:1      | Slain by a kobold

Levels and vault maps discovered:
D:1:      matt_arrival_los_fun, layout_basic

Action                   || total
-------------------------++-------
Melee: Mace              ||    21
       Bite              ||     3
Armor: Leather armour    ||     5
Dodge: Dodged            ||    26

Table legend:
 A = Non-vault XP
 B = Vault XP
 C = Vault XP percentage of total XP
 D = Non-vault monster count
 E = Vault monster count
 F = Vault count percentage of total count
                 A         B        C        D         E       F
            +---------+---------+-------+---------+---------+-------
      Total |      11 |       0 |   0.0 |       5 |       0 |   0.0
            +---------+---------+-------+---------+---------+-------
        D:1 |      11 |       0 |   0.0 |       5 |       0 |   0.0
            +---------+---------+-------+---------+---------+-------
